[Event "*** Titled Tuesday Blitz"]
[Site "Chess.com"]
[Date "2020.05.12"]
[Round "4"]
[White "Margarita2907"]
[Black "Jumbo"]
[Result "0-1"]
[WhiteElo "2007"]
[BlackElo "2820"]
[TimeControl "180+1"]
[EndTime "10:38:39 PDT"]
[Termination "Jumbo won by checkmate"]

1. d4 g6 2. Nf3 Bg7 3. Nbd2 d6 4. e4 Nf6 5. Bd3 O-O 6. O-O Nc6 7. Qe2 e5 8. dxe5 dxe5 9. c3 Qe7 10. Nc4 Rd8 11. h3 h6 12. Be3 a6 13. a4 Nh5 14.
Rad1 Be6 15. Na3 Bf8 16. Bc4 Bd7 17. Nc2 Na5 18. Bd3 Bxa4 19. Ra1 Bxc2 20. Bxc2 Nc6 21. Rfd1 Rxd1+ 22. Rxd1 Rd8 23. Rd5 Nf6 24. Rxd8 Qxd8 25.
Qd2 Qxd2 26. Nxd2 Kg7 27. Nc4 Nd7 28. Kf1 Bc5 29. Ke2 Bxe3 30. Kxe3 Kf6 31. g3 b5 32. Nd2 Nb6 33. b3 a5 34. f4 b4 35. fxe5+ Kxe5 36. Nf3+ Kd6 37. c4 Nd7 38. Nd4 Nxd4 39. Kxd4 f6 40. g4 g5 41. Bd1 Nc5 42. Bc2 Ne6+ 43. Ke3 Ke5 44. Kd3 Nf4+ 45. Ke3 Nxh3 46. Bd1 Nf4 47. Kf3 h5 48. gxh5 Nxh5 49. Ke3 Nf4 50. Bg4 Ne6 51. Bf5 Nc5 52. Bg4 Nxb3 53. Kd3 Nc5+ 54. Kc2 Kxe4 55. Kb2 Kd4 56. Bc8 Kxc4 57. Kc2 Kd4 58. Kd2 a4 59. Kc2 a3 60. Kb1 b3 61. Ka1 Ne4 62. Kb1 Nc3+ 63. Ka1 b2# 0-1

[Event "*** Titled Tuesday Blitz"]
[Site "Chess.com"]
[Date "2020.05.12"]
[Round "4"]
[White "SHIVACalypso"]
[Black "Mili_Brizzi"]
[Result "1/2-1/2"]
[WhiteElo "2302"]
[BlackElo "2456"]
[TimeControl "180+1"]
[EndTime "10:38:41 PDT"]
[Termination "Game drawn - insufficient material"]

1. Nf3 d5 2. c4 c6 3. d4 Nf6 4.
Nc3 dxc4 5. a4 Bf5 6. Nh4 e6 7. Nxf5 exf5 8. e3 Bb4 9. Bxc4 O-O 10. O-O Nbd7 11. Qb3 Qe7 12. a5 Rab8 13. Ra4 Bd6 14. h3 g6 15. Bd2 Kg7 16. Raa1 Rfd8 17. Rfe1 Ne4 18. Nxe4 fxe4 19. Bc3 Nf6 20. Rad1 Bc7 21. d5 Be5 22. Bxe5 Qxe5 23. dxc6 bxc6 24. Qc3 Qxc3 25. bxc3 Nd5 26. Bxd5 cxd5 27. Rd4 Rbc8 28. Red1 Rc5 29. c4 Rxa5 30. cxd5 Rd6 31. Rxe4 Raxd5 32. Rxd5 Rxd5 33. Re7 Ra5 34. Rb7 Ra2 35. g4 Kf6 36. Kg2 a5 37.
Kg3 h6 38. Ra7 a4 39. h4 a3 40. Ra5 Ra1 41. Kf3 a2 42. Kg2 Ke6 43. g5 hxg5 44.
hxg5 Ke7 45. Ra6 Kd7 46. Kf3 Ke7 47. Ke4 Kd7 48. Ke5 Rg1 49. Ra7+ Ke8 50. Rxa2 Rxg5+ 51. Kf6 Rf5+ 52. Kg7 Ke7 53. f4 Ke6 54. Ra6+ Kd5 55. Rf6 Ke4 56. Rxf7 Kxe3 57. Kxg6 Rxf7 58. Kxf7 Kxf4 1/2-1/2

[Event "*** Titled Tuesday Blitz"]
[Site "Chess.com"]
[Date "2020.05.12"]
[Round "4"]
[White "Natalya_Buksa"]
[Black "LittlePeasant"]
[Result "0-1"]
[WhiteElo "2535"]
[BlackElo "2765"]
[TimeControl "180+1"]
[EndTime "10:38:42 PDT"]
[Termination "LittlePeasant won by resignation"]

1. d4 Nf6 2. Nc3 d5 3. Bf4 Bf5 4. e3 e6 5. f3 h6 6. g4 Bh7 7.
Bd3 Bxd3 8. Qxd3 Bd6 9. Nge2 Nc6 10. O-O-O Qd7 11. Kb1 O-O-O 12. Nb5 Bxf4 13. Nxf4 a6 14.
Nc3 e5 15. dxe5 Nxe5 16. Qe2 Qc6 17. Rhe1 Rhe8 18. Qf2 Nc4 19. Nd3 Qb6 20. e4 dxe4 21. Qxb6 cxb6 22. Nxe4 Nxe4 23. fxe4 Re7 24. b3 Nd6 25. e5 Nb5 26. Kb2 Nd4 27. Re4 Nc6 28. Rde1 Rd4 29. Rxd4 Nxd4 30. Re3 Kd7 31. c3 Nc6 32.
Kc2 f6 33. Rf3 Nxe5 34. Nxe5+ Rxe5 35. Rd3+ Ke6 36. h3 Re2+ 37. Kb1 g6 38. Rd8 Rh2 39. Rb8 f5 40. Rxb7 f4 41. Rxb6+ Ke5 42. Rxa6 f3 43. Ra5+ Ke4 44. Ra8 f2 45. Re8+ Kd3 46. Rd8+ Kxc3 47.
Rd1 Rg2 48. Rc1+ Kd3 49. b4 Rg1 50. b5 Rxc1+ 51. Kxc1 f1=Q+ 52. Kb2 Kc4 0-1

[Event "*** Titled Tuesday Blitz"]
[Site "Chess.com"]
[Date "2020.05.12"]
[Round "4"]
[White "Kostya26"]
[Black "Efremov_Vlad"]
[Result "1-0"]
[WhiteElo "2399"]
[BlackElo "2129"]
[TimeControl "180+1"]
[EndTime "10:38:42 PDT"]
[Termination "Kostya26 won by resignation"]

1. e4 c5 2. Nf3 Nc6 3. Bb5 g6 4.
Bxc6 bxc6 5. O-O Bg7 6. Re1 Nh6 7. c3 O-O 8. d4 cxd4 9. cxd4 d5 10. Nc3 dxe4 11.
Nxe4 Bg4 12. Bxh6 Bxh6 13. Nc3 Bg7 14. h3 Bxf3 15. Qxf3 Bxd4 16. Qxc6 Rc8 17. Qa4 Bxc3 18. bxc3 Rxc3 19. Qxa7 e6 20. a4 Qa8 21. Qd4 Rfc8 22. a5 Qa6 23. Reb1 R3c4 24. Qf6 R4c6 25. h4 h5 26. g3 Ra8 27. Rb2 Rc5 28. Rab1 Qd6 29.
a6 Ra5 30. Rb6 Qc7 31. Rb7 Qd6 32. Qxf7+ 1-0

[Event "*** Titled Tuesday Blitz"]
[Site "Chess.com"]
[Date "2020.05.12"]
[Round "4"]
[White "AthanasiusLefebvre"]
[Black "Batsai"]
[Result "0-1"]
[WhiteElo "2059"]
[BlackElo "2262"]
[TimeControl "180+1"]
[EndTime "10:38:42 PDT"]
[Termination "Batsai won by resignation"]

1. Nf3 Nf6 2. g3 e6 3. Bg2 d5 4. O-O Be7 5. c4 O-O 6. d3 c6 7.
Nc3 Nbd7 8. Rb1 a5 9. a3 Re8 10. b4 axb4 11. axb4 h6 12. b5 c5 13. cxd5 exd5 14.
e4 d4 15. Na4 Qa5 16. e5 Nd5 17. Nxd4 cxd4 18. Bxd5 Qxa4 19. Bb3 Qa5 20. e6 fxe6 21.
Bxe6+ Kh8 22. Bf7 Rf8 23. Bd5 Nf6 24. Bc4 Bg4 25. Qb3 Be2 26. Bf4 Bxf1 27. Rxf1 Qc3 28.
Qd1 Qb4 29. Be5 Qc5 30. Bxf6 Bxf6 31. Qf3 b6 32. Bd5 Rae8 33. Be4 Bg5 34. Qh5 Rxe4 35. dxe4 d3 36. Qd1 d2 37. Kg2 Qd4 38. f3 Rc8 39.
Qe2 Rc1 40. f4 d1=Q 0-1

[Event "*** Titled Tuesday Blitz"]
[Site "Chess.com"]
[Date "2020.05.12"]
[Round "4"]
[White "Vuk2000"]
[Black "GMSrinath"]
[Result "0-1"]
[WhiteElo "2627"]
[BlackElo "2823"]
[TimeControl "180+1"]
[EndTime "10:38:43 PDT"]
[Termination "GMSrinath won on time"]

1. d4 Nf6 2. Bg5 d5 3. Bxf6 gxf6 4. e3 c5 5. dxc5 Nc6 6. Nf3 e6 7. c4 dxc4 8. Nbd2 Bxc5 9. Bxc4 O-O 10. O-O Bd7 11. Ne4 Be7 12. Qe2 f5 13. Ng3 Bf6 14.
e4 fxe4 15. Nxe4 Bg7 16. Rfd1 Qe7 17. Neg5 Rfd8 18. Qe4 h6 19. Qh7+ Kf8 20. Ne4 Be8 21. Nc3 Rxd1+ 22. Rxd1 Rd8 23. Rxd8 Qxd8 24. Qd3 Qxd3 25.
Bxd3 Nb4 26. Bc4 Bc6 27. Kf1 Bxf3 28. gxf3 Bxc3 29. bxc3 Nc6 30. Ke2 b6 31. Bb5 Na5 32. Ke3 Ke7 33. Kd4 Kd6 34. f4 f5 35. Bd3 Nc6+ 36. Kc4 Ne7 37. Kb5 Nd5 38. Ka6 Nxc3 39. a3 Kc7 40. Bc4 Nd5 41. Kxa7 Nxf4 42. Ka6 e5 43. a4 e4 44. Kb5 Nh3 45. f3 e3 0-1

[Event "*** Titled Tuesday Blitz"]
[Site "Chess.com"]
[Date "2020.05.12"]
[Round "4"]
[White "WonderChampion"]
[Black "alexwinter25"]
[Result "1-0"]
[WhiteElo "1891"]
[BlackElo "2344"]
[TimeControl "180+1"]
[EndTime "10:38:43 PDT"]
[Termination "WonderChampion won by resignation"]

1. e4 e5 2. Nf3 Nc6 3. Bc4 Bc5 4. c3 Nf6 5. d3 O-O 6. Nbd2 d5 7. exd5 Nxd5 8.
Ne4 Be7 9. O-O Nb6 10. Bb3 Bg4 11. Bc2 Kh8 12. Be3 Nd5 13. Bd2 f5 14. Ng3 f4 15.
Ne4 g5 16. Kh1 Qe8 17. h3 Qh5 18. d4 exd4 19. cxd4 Nxd4 20. Bc3 Nxc3 21. Qxd4+ Kg8 22. Bb3+ Rf7 23. Qxc3 Bxf3 24. Qxf3 Qg6 25. Bxf7+ Kxf7 26. Rad1 c6 27. Rd7 Rd8 28. Rfd1 Re8 29. Nd6+ Kf8 30.
Nxe8 Qxe8 31. Qe4 Bf6 32. Qxe8+ Kxe8 33. Rxb7 a5 34. Ra7 Bxb2 35. Rxa5 Bc3 36. Ra7 c5 37. Rdd7 Bd4 38. Rxh7 Bg7 39. Rhxg7 1-0

[Event "*** Titled Tuesday Blitz"]
[Site "Chess.com"]
[Date "2020.05.12"]
[Round "4"]
[White "MightyGMpretender"]
[Black "ManuDavid2910"]
[Result "1-0"]
[WhiteElo "2586"]
[BlackElo "2704"]
[TimeControl "180+1"]
[EndTime "10:38:44 PDT"]
[Termination "MightyGMpretender won by resignation"]

1. d4 Nf6 2. Nf3 e6 3. Bg5 d5 4.
e3 c5 5. c3 Nc6 6. Nbd2 Be7 7. Bd3 O-O 8. Qe2 h6 9. h4 Nd7 10. Bc2 Re8 11. Bf4 Bf6 12. g4 e5 13.
dxe5 Ndxe5 14. g5 Nxf3+ 15. Qxf3 Be5 16. gxh6 d4 17. Bb3 Bxf4 18. Qxf4 Ne5 19. Bxf7+ Nxf7 20.
Rg1 dxe3 21. O-O-O Nxh6 22. Ne4 Qe7 23. Nf6+ Kh8 24. Nxe8 Qxe8 25. Qg5 Qf7 26. Rd8+ Kh7 27.
fxe3 b6 28. h5 Ng8 29. Qg6+ Qxg6 30. hxg6+ Kh6 31. Rxg8 Bb7 32. Rxa8 Bxa8 33. Kd2 Be4 34. c4 Bxg6 35. Kc3 Bf7 36. Rd1 Be6 37. Rd6 1-0

[Event "*** Titled Tuesday Blitz"]
[Site "Chess.com"]
[Date "2020.05.12"]
[Round "4"]
[White "Aygehovit1992"]
[Black "PlayChessSimple"]
[Result "1/2-1/2"]
[WhiteElo "2684"]
[BlackElo "2492"]
[TimeControl "180+1"]
[EndTime "10:38:44 PDT"]
[Termination "Game drawn by repetition"]

1. e4 e6 2. d4 d5 3. Nc3 Nf6 4. Bg5 Bb4 5. e5 h6 6. Bc1 Ne4 7. Ne2 c5 8. a3 Ba5 9. dxc5 Nxc3 10. Nxc3 Bxc3+ 11. bxc3 Nd7 12. Qg4 Kf8 13. Qd4 Qc7 14.
Bf4 Qxc5 15. Bd3 Qxd4 16. cxd4 Nb6 17. Kd2 Bd7 18. Rhb1 Ke7 19. Ke2 Rhc8 20. Bd2 Ba4 21. Bb4+ Ke8 22. Bc5 Nd7 23. Rxb7 Nxc5 24. dxc5 Rxc5 25. Kd2 Rac8 26. Ra2 R8c7 27. Rab2 Kd7 28. Rxc7+ Kxc7 29. Rb4 Be8 30. Rg4 g6 31. Kc1 d4 32.
Rxd4 Rxe5 33. Rc4+ Kd6 34. Rb4 Bc6 35. g3 h5 36. h4 Ra5 37. Kb2 Re5 38. Rb8 Re1 39. Rf8 Ke7 40. Rc8 Kd6 41. Rf8 Ke7 42. Rb8 Kd6 43.
Kc3 Ra1 44. Kb2 Re1 1/2-1/2

[Event "*** Titled Tuesday Blitz"]
[Site "Chess.com"]
[Date "2020.05.12"]
[Round "4"]
[White "Chepaschess"]
[Black "Hanging_pointer"]
[Result "1-0"]
[WhiteElo "2768"]
[BlackElo "2589"]
[TimeControl "180+1"]
[EndTime "10:38:45 PDT"]
[Termination "Chepaschess won by resignation"]

1. d4 d5 2. Nf3 c5 3. c4 cxd4 4.
cxd5 Qxd5 5. Nc3 Qd8 6. Nxd4 a6 7. Bf4 Nf6 8. e4 e6 9. Be2 Nbd7 10. Nb3 b5 11.
O-O Bb7 12. f3 Nc5 13. Qxd8+ Rxd8 14. Be3 Nxb3 15. axb3 Be7 16. Rfd1 O-O 17. Kf2 Nd7 18. g3 Nc5 19. b4 Nd7 20. Na2 Bf6 21. Bd4 Bxd4+ 22. Rxd4 Ne5 23. Rad1 Rxd4 24. Rxd4 Rc8 25. f4 Nc6 26. Rd7 Ba8 27. Ke3 Kf8 28. h4 Ke8 29.
Rd1 Rd8 30. Rc1 Rc8 31. h5 Bb7 32. Rc5 Nb8 33. Rxc8+ Bxc8 34. Kd4 Kd7 35. Nc1 Kc6 36. Nd3 Nd7 37. g4 g6 38. h6 Bb7 39. g5 Kd6 40.
Bf3 Kc7 41. Nc5 Nxc5 42. bxc5 Kd7 43. b4 Bc6 44. Ke5 Ke7 45. Bg4 Bd7 46. Be2 Bc6 47.
Bd3 Bb7 48. f5 exf5 49. exf5 Bc6 50. Be4 1-0

[Event "*** Titled Tuesday Blitz"]
[Site "Chess.com"]
[Date "2020.05.12"]
[Round "4"]
[White "Bathory44"]
[Black "InitiatingASC"]
[Result "1-0"]
[WhiteElo "2586"]
[BlackElo "2320"]
[TimeControl "180+1"]
[EndTime "10:38:45 PDT"]
[Termination "Bathory44 won by resignation"]

1. e4 c5 2. c3 Nf6 3. e5 Nd5 4. d4 cxd4 5. Nf3 Nc6 6. cxd4 d6 7. Bc4 e6 8. O-O Nb6 9. Bd3 Be7 10. exd6 Qxd6 11.
Nc3 a6 12. Re1 Bd7 13. Ne4 Qc7 14. Bg5 Bxg5 15. Nexg5 h6 16. Ne4 Rd8 17. Qd2 Nd5 18.
Rac1 O-O 19. a3 Bc8 20. Bb1 Qf4 21. Qd3 f5 22. Nc5 Qg4 23. h3 Qg6 24. Qd2 Rfe8 25. Ba2 Qf6 26. Ne5 Nxe5 27. Rxe5 Kh7 28. Bxd5 exd5 29.
Rce1 Rf8 30. Nd3 f4 31. f3 Rd6 32. Kh2 Qh4 33. Qf2 Qxf2 34. Nxf2 Bf5 35. Rc1 Rff6 36. Rc7 Rb6 37. Ree7 Rxb2 38. Rxg7+ Kh8 39. Ng4 Rg6 40. Rh7+ Kg8 41. Nxh6+ Kf8 42. Rcf7+ 1-0

[Event "*** Titled Tuesday Blitz"]
[Site "Chess.com"]
[Date "2020.05.12"]
[Round "4"]
[White "javirec"]
[Black "Koalaskakistis"]
[Result "0-1"]
[WhiteElo "2282"]
[BlackElo "2454"]
[TimeControl "180+1"]
[EndTime "10:38:45 PDT"]
[Termination "Koalaskakistis won by resignation"]

1. c4 f5 2. Nf3 Nf6 3. g3 d6 4.
d4 e6 5. Bg2 Be7 6. O-O O-O 7.
Nc3 Ne4 8. Qc2 Nxc3 9. Qxc3 a5 10. b3 Nc6 11. Bb2 Bf6 12. Qc2 e5 13. dxe5 dxe5 14. Rfd1 Qe8 15. Rac1 Qh5 16. a3 f4 17. Qe4 Kh8 18. Nd2 Bf5 19. Qd5 Qxe2 20. Re1 Qh5 21. Ne4 Rad8 22. Qc5 f3 23. Bf1 Bh3 24. Qe3 Bxf1 25.
Rxf1 Be7 26. Kh1 Qh3 27. Rg1 Rf5 28. g4 Rf4 29. Rg3 Qh4 30. Rxf3 Qxg4 31. Ng3 Qxf3+ 32. Qxf3 Rxf3 33. Kg2 Rxb3 34. Bc3 Bxa3 35. Rc2 Nb4 36. Bxb4 Bxb4 0-1

[Event "*** Titled Tuesday Blitz"]
[Site "Chess.com"]
[Date "2020.05.12"]
[Round "4"]
[White "AlleyOoper"]
[Black "SPEEDSKATER"]
[Result "1/2-1/2"]
[WhiteElo "2599"]
[BlackElo "2761"]
[TimeControl "180+1"]
[EndTime "10:38:46 PDT"]
[Termination "Game drawn by agreement"]

1. d4 d5 2. Nf3 Nf6 3. Bf4 c5 4. e3 Nc6 5. Nbd2 cxd4 6. exd4 Bg4 7. c3 e6 8. Bd3 Bd6 9. Bg5 O-O 10. O-O Bh5 11.
Re1 Bg6 12. Bxg6 hxg6 13. Ne5 Be7 14. Ndf3 Nd7 15. Bxe7 Qxe7 16. Qd2 Rac8 17. g3 b5 18. a3 Ncxe5 19. Nxe5 Nxe5 20. Rxe5 a5 21. h4 Qf6 22. Kg2 Rc4 23. h5 gxh5 24. Rxh5 g6 25. Rh4 Rfc8 26.
Qh6 b4 27. axb4 axb4 28. Ra7 Qg7 29. Qd2 bxc3 30. bxc3 e5 31. Rd7 Rxc3 32. dxe5 Qxe5 33. Rxd5 Qf6 34. Rf4 Qc6 35. Rd4 Rc2 36. Qe3 Re8 37. Qf3 Kg7 38. Rd2 Rc3 39. R5d3 Rc5 40. Qxc6 Rxc6 41. Rf3 Rf6 42. Rd7 Rxf3 43. Kxf3 Re6 44.
Kg2 Rf6 45. Rd3 Ra6 46. Re3 g5 47. Rf3 Kg6 1/2-1/2

[Event "*** Titled Tuesday Blitz"]
[Site "Chess.com"]
[Date "2020.05.12"]
[Round "4"]
[White "agrigo3"]
[Black "kingofthenil"]
[Result "0-1"]
[WhiteElo "2286"]
[BlackElo "2459"]
[TimeControl "180+1"]
[EndTime "10:38:46 PDT"]
[Termination "kingofthenil won on time"]

1. Nf3 f5 2. g3 Nf6 3. Bg2 e6 4. O-O Be7 5. d3 O-O 6. c4 d5 7. b3 b6 8. Bb2 Bb7 9. Nbd2 Re8 10.
Re1 Nbd7 11. Nd4 Bf8 12. cxd5 Nxd5 13. e4 Nb4 14. Nc4 Nc5 15. exf5 Bxg2 16. Kxg2 Nbxd3 17.
Rxe6 Nxb2 18. Rxe8 Qxe8 19. Nxb2 Rd8 20. Qg4 h5 21.
Qf4 Bd6 22. Qh4 Be5 23. Rd1 Bf6 24. Qf4 Be5 25. Qh4 Bf6 26. Qf4 Rd5 27. Ne6 Qc6 28. Rxd5 Qxd5+ 29. Qf3 Qxf3+ 30. Kxf3 Nxe6 31. fxe6 Bxb2 32. Ke4 Kf8 33. Kf5 Ke7 34. f3 Bf6 35. g4 hxg4 36.
fxg4 c5 37. g5 Bb2 0-1

[Event "*** Titled Tuesday Blitz"]
[Site "Chess.com"]
[Date "2020.05.12"]
[Round "4"]
[White "KingChess345"]
[Black "przemekpiotrowski"]
[Result "0-1"]
[WhiteElo "2217"]
[BlackElo "2427"]
[TimeControl "180+1"]
[EndTime "10:38:46 PDT"]
[Termination "przemekpiotrowski won on time"]

1. d4 c5 2. Nf3 cxd4 3. Nxd4 d5 4.
g3 e5 5. Nb3 Nf6 6. Bg2 h6 7.
O-O Be6 8. c4 Nc6 9. Nc3 dxc4 10.
Bxc6+ bxc6 11. Qxd8+ Rxd8 12. Na5 Bd5 13. Be3 Bb4 14.
Nxd5 Bxa5 15. Nxf6+ gxf6 16. Rac1 c3 17. bxc3 Bb6 18.
Rb1 Bxe3 19. fxe3 Ke7 20. Rb7+ Ke6 21. Rxa7 Rd2 22. Kf2 Rb8 23. Rc7 Rbb2 24. Rxc6+ Kd5 25. Rxf6 Rxe2+ 26. Kf3 Rxh2 27. Rxf7 Rxa2 28. Rd1+ Ke6 29. Rb7 Raf2+ 30. Ke4 Rc2 31. Rb6+ Ke7 32. Ra1 Rxc3 33.
Ra7+ Kd8 34. Rb8+ Rc8 35. Rxc8+ Kxc8 36. Kxe5 Rg2 37. Kf4 Rf2+ 38. Kg4 Re2 39. Kf3 Re1 40. Rh7 Rf1+ 41. Kg4 Rf6 42. e4 Rg6+ 43. Kf4 Rf6+ 44. Ke3 Rg6 45. Kf4 Rf6+ 46. Ke5 Rg6 47. Kf5 Rxg3 48.
Rxh6 Kd7 49. Rh7+ Ke8 50. e5 Kf8 51. Kf6 Rf3+ 52. Ke6 Ra3 53. Rh8+ Kg7 54. Rd8 Kg6 55.
Rg8+ Kh7 56. Rf8 Kg7 57. Rf7+ Kg6 0-1

[Event "*** Titled Tuesday Blitz"]
[Site "Chess.com"]
[Date "2020.05.12"]
[Round "4"]
[White "WPWPWP-2015"]
[Black "Rhinos1"]
[Result "1-0"]
[WhiteElo "2413"]
[BlackElo "2178"]
[TimeControl "180+1"]
[EndTime "10:38:46 PDT"]
[Termination "WPWPWP-2015 won by resignation"]

1. e4 e5 2. Nf3 Nc6 3. Bc4 Nf6 4.
d3 Be7 5. O-O O-O 6. c3 d6 7.
Re1 Bg4 8. h3 Bh5 9. Nbd2 a6 10.
a4 Qd7 11. Nf1 Bd8 12. g4 Bg6 13. Ng3 h6 14. Nh4 Bh7 15. Nhf5 Ne7 16. f4 c6 17. fxe5 dxe5 18. Rf1 Nxf5 19. Nxf5 Bxf5 20. Rxf5 b5 21. axb5 cxb5 22. Bb3 Nh7 23. Be3 Bf6 24. Bd5 Ra7 25.
Bxa7 Qxa7+ 26. Kg2 Rd8 27. Qg1 Qe7 28. Rxa6 b4 29. Ra7 Rd7 30. Rxd7 Qxd7 31. cxb4 Qb5 32. Qc5 Qxd3 33. Qc4 Qe3 34. Bxf7+ Kf8 35. Bd5 Ng5 36.
Qc8+ Ke7 37. Qc7+ Ke8 38. Qc8+ Ke7 39. Qc5+ Qxc5 40. bxc5 Kd7 41. b4 Ne6 42. Bxe6+ Kxe6 43. Kf3 Kd7 44. Ke2 Kc6 45. Kd3 Kb5 46. Rxf6 gxf6 47. Kc3 Kc6 48. Kc4 1-0

[Event "*** Titled Tuesday Blitz"]
[Site "Chess.com"]
[Date "2020.05.12"]
[Round "4"]
[White "RestartingChess"]
[Black "12teen"]
[Result "1-0"]
[WhiteElo "2528"]
[BlackElo "2752"]
[TimeControl "180+1"]
[EndTime "10:38:47 PDT"]
[Termination "RestartingChess won by resignation"]

1. e4 b6 2. d4 Bb7 3. Nc3 e6 4. Nf3 Nf6 5. Bd3 d5 6. e5 Nfd7 7. Ne2 c5 8. c3 Be7 9. Ng3 Nc6 10. O-O a6 11. a3 h5 12. h3 g5 13.
Nh2 g4 14. hxg4 hxg4 15. Qxg4 Qc7 16. Qg7 O-O-O 17. Qxf7 Kb8 18. Qxe6 Rde8 19. Bg6 Nf8 20. Qf7 Nxg6 21. Qxg6 cxd4 22. cxd4 Nxd4 23. Be3 Nb3 24.
Rad1 d4 25. Bxd4 Nxd4 26. Rxd4 Bc5 27. Rg4 Qxe5 28. b4 Bd6 29. Rg5 Qd4 30. Rg4 Qd5 31. Nf3 Re6 32. Qf5 Qa2 33. Rh4 Rf8 34. Qd3 Ref6 35. Ne4 Rd8 36. Nxd6 Rdxd6 37. Qe3 Bxf3 38.
gxf3 Rg6+ 39. Rg4 Rh6 40. Qe8+ Kc7 41. Rg7+ 1-0

[Event "*** Titled Tuesday Blitz"]
[Site "Chess.com"]
[Date "2020.05.12"]
[Round "4"]
[White "stanyga"]
[Black "ENEASZ"]
[Result "0-1"]
[WhiteElo "2642"]
[BlackElo "2486"]
[TimeControl "180+1"]
[EndTime "10:38:47 PDT"]
[Termination "ENEASZ won by resignation"]

1. e4 d6 2. d4 Nf6 3. Nc3 e5 4. Nf3 Nbd7 5. Bc4 Be7 6. O-O O-O 7. Re1 a6 8. a4 b6 9. h3 Bb7 10. d5 g6 11. b4 Nh5 12. Bh6 Ng7 13. Qd2 a5 14.
bxa5 Rxa5 15. Bb5 Nc5 16. Nd1 Ba6 17. Bc6 Bc8 18. Nb2 Ra7 19. a5 bxa5 20. Rxa5 Rxa5 21. Qxa5 f5 22. exf5 Bxf5 23. Na4 Nxa4 24. Qxa4 Bxh3 25. Nxe5 dxe5 26. gxh3 Bc5 27. Be3 Bxe3 28. Rxe3 Nf5 29.
Rxe5 Qg5+ 30. Qg4 Qc1+ 31. Kg2 Qxc2 32. Bd7 Ne3+ 33. Rxe3 Qxf2+ 34. Kh1 Qxe3 35. Qe6+ Qxe6 36. dxe6 Rf1+ 37. Kg2 Re1 38. Kf2 Re5 39. Kf3 g5 40. Kg4 Kg7 41. Kh5 c5 0-1

[Event "*** Titled Tuesday Blitz"]
[Site "Chess.com"]
[Date "2020.05.12"]
[Round "4"]
[White "MYMChessAcademy"]
[Black "LastHeroJr"]
[Result "0-1"]
[WhiteElo "2264"]
[BlackElo "2505"]
[TimeControl "180+1"]
[EndTime "10:38:47 PDT"]
[Termination "LastHeroJr won on time"]

1. d4 Nf6 2. c4 g6 3. Nf3 Bg7 4. g3 O-O 5. Bg2 d6 6. O-O Nbd7 7. Nc3 e5 8. b3 exd4 9. Nxd4 Re8 10. e3 Nc5 11. b4 Nce4 12. Bb2 Nxc3 13. Bxc3 Ne4 14. Bxe4 Rxe4 15. Qd3 Re8 16. Rad1 Bh3 17. Rfe1 Qf6 18.
e4 Qe7 19. f3 a6 20. Ne2 Bxc3 21. Nxc3 Be6 22. Nd5 Bxd5 23. cxd5 Qd7 24. Rc1 Rac8 25. Re2 Re5 26. f4 Re7 27. e5 dxe5 28. fxe5 Rd8 29. Rd1 Qa4 30. Rdd2 Qxb4 31. Qf3 Rde8 32. Qf6 Qc3 33.
d6 cxd6 34. Rxd6 Rxe5 35. Rf2 Re1+ 36. Kg2 Qxf6 37. Rfxf6 R1e2+ 0-1

[Event "*** Titled Tuesday Blitz"]
[Site "Chess.com"]
[Date "2020.05.12"]
[Round "4"]
[White "Konek-Gorbunok"]
[Black "aa175"]
[Result "0-1"]
[WhiteElo "2157"]
[BlackElo "2401"]
[TimeControl "180+1"]
[EndTime "10:38:47 PDT"]
[Termination "aa175 won by resignation"]

1. d4 e5 2. Nf3 e4 3. Nfd2 e3 4. fxe3 d5 5. e4 Nf6 6. exd5 Ng4 7. Nf3 Qxd5 8. Nc3 Bb4 9. Qd3 Bf5 10. Qd2 Bxc3 11.
Qxc3 Nc6 12. e3 O-O-O 13. Bd2 Rhe8 14. h3 Nf6 15. Bd3 Ne4 16. Bxe4 Bxe4 17. O-O-O Rd6 18. Qb3 Ne7 19. Qxd5 Nxd5 20. Rde1 Rc6 21. c3 Nb4 22. Ref1 Nxa2+ 23. Kd1 f6 24. Ne1 Ra6 25. Nc2 Bxg2 26. Rhg1 Bxh3 27. Rf3 Be6 28. Rxg7 Bd5 29. Rf4 Bb3 30.
Rxh7 Rc6 31. Rg4 Nb4 32. cxb4 Bxc2+ 33. Ke1 Bxh7 0-1

[Event "*** Titled Tuesday Blitz"]
[Site "Chess.com"]
[Date "2020.05.12"]
[Round "4"]
[White "Kopytkin"]
[Black "Benjoneliere44"]
[Result "1-0"]
[WhiteElo "2347"]
[BlackElo "2538"]
[TimeControl "180+1"]
[EndTime "10:38:48 PDT"]
[Termination "Kopytkin won by resignation"]

1. d4 d6 2. Nf3 Bg4 3. e4 c6 4. h3 Bh5 5. c4 Nd7 6. Nc3 e5 7. d5 Ngf6 8. Bd3 Be7 9. Be3 O-O 10. g4 Bg6 11. Nd2 cxd5 12. cxd5 a6 13. Qe2 b5 14.
O-O Nc5 15. f3 Nxd3 16. Qxd3 Nd7 17. a4 b4 18. Na2 a5 19. Nc1 h5 20. Ncb3 hxg4 21.
hxg4 Bg5 22. Kg2 Bxe3 23. Qxe3 Qb6 24. Qxb6 Nxb6 25. Rac1 Nxa4 26. Rc2 Nb6 27. Rc6 Nc8 28. Nc4 Rd8 29. Nbxa5 f6 30. Nb7 Rd7 31. Nbxd6 Nxd6 32. Nxd6 Ra2 33. Rf2 Rd8 34. Nc4 Be8 35. Rb6 g6 36.
Rxb4 Bf7 37. Rb6 Kg7 38. Rd2 Raa8 39. g5 fxg5 40. Nxe5 Be8 41. Ng4 Bd7 42. Kg3 Rf8 43. Rb7 Rad8 44. Ne5 Kf6 45. Nxd7+ 1-0

[Event "*** Titled Tuesday Blitz"]
[Site "Chess.com"]
[Date "2020.05.12"]
[Round "4"]
[White "Shuvalov"]
[Black "SaySpade4VIP"]
[Result "0-1"]
[WhiteElo "2462"]
[BlackElo "2644"]
[TimeControl "180+1"]
[EndTime "10:38:49 PDT"]
[Termination "SaySpade4VIP won on time"]

1. Nf3 d5 2. c4 d4 3. b4 g5 4. Bb2 Bg7 5. Nxg5 e5 6. Ne4 f5 7. Nc5 b6 8. Nb3 Nf6 9. e3 O-O 10. exd4 exd4 11. Bxd4 Re8+ 12. Be2 Nc6 13. Bc3 Qe7 14.
b5 Na5 15. Bxa5 bxa5 16. Nc3 Ne4 17. Nd5 Qg5 18. O-O Bb7 19. Bf3 a4 20. Na5 Bxd5 21.
cxd5 Bxa1 22. Qxa1 Nxd2 23. Qc3 Nxf1 24. Kxf1 Rad8 25. g3 f4 26. Kg2 fxg3 27. hxg3 Rf8 28. Nc6 Rd6 29. Ne5 Rdf6 30. Qxc7 Rf5 31. d6 Rxe5 32.
d7 Ref5 33. Qc4+ Kh8 34. Qd4+ Qf6 35. Qxf6+ R5xf6 36. Bc6 Rxf2+ 37. Kh3 Rxa2 38. Kg4 Rd2 39. b6 axb6 40. Bxa4 Rd4+ 41. Kg5 Rxa4 0-1

[Event "*** Titled Tuesday Blitz"]
[Site "Chess.com"]
[Date "2020.05.12"]
[Round "4"]
[White "LuckSlayeer"]
[Black "Pintacara"]
[Result "1-0"]
[WhiteElo "2488"]
[BlackElo "2306"]
[TimeControl "180+1"]
[EndTime "10:38:49 PDT"]
[Termination "LuckSlayeer won on time"]

1. e4 c5 2. Nf3 e6 3. d4 cxd4 4. Nxd4 a6 5. Nc3 Qc7 6. Bd3 Nf6 7. O-O d6 8. a4 b6 9. Re1 Nbd7 10. f4 Bb7 11.
Qe2 Be7 12. Be3 h5 13. h3 g6 14. Bf2 Rg8 15. Bh4 e5 16. fxe5 Nxe5 17. Kh1 g5 18. Bg3 g4 19. h4 Nfd7 20. Nf5 Bf8 21. Nd5 Bxd5 22. exd5 Qb7 23. b4 Kd8 24. a5 b5 25.
c4 bxc4 26. Bxc4 Qxb4 27. Bxa6 Qb3 28. Reb1 Qc3 29. Be1 Qc5 30. Bb7 Ra7 31. a6 Qc4 32.
Ba5+ Ke8 33. Rc1 1-0

[Event "*** Titled Tuesday Blitz"]
[Site "Chess.com"]
[Date "2020.05.12"]
[Round "4"]
[White "mirochka"]
[Black "Generalas"]
[Result "1-0"]
[WhiteElo "2170"]
[BlackElo "2376"]
[TimeControl "180+1"]
[EndTime "10:38:49 PDT"]
[Termination "mirochka won by resignation"]

1. e4 e5 2. Nf3 Nc6 3. d4 exd4 4.
c3 d5 5. exd5 Qxd5 6. cxd4 Bg4 7. Be2 Bb4+ 8. Nc3 Bxf3 9. Bxf3 Bxc3+ 10. bxc3 Qc4 11. Qb3 Qxb3 12. axb3 Nge7 13. Ba3 O-O-O 14. Bxe7 Rhe8 15. Bxc6 Rxe7+ 16. Kd2 bxc6 17. Rxa7 Rd5 18. Re1 Rxe1 19. Kxe1 Rh5 20. h3 Kb8 21. Ra2 Kb7 22. b4 Kb6 23. Ke2 Rg5 24. g3 h5 25. h4 Rg4 26.
Kd3 f5 27. Ra5 g6 28. Re5 Kb7 29. Ke3 f4+ 30. Kf3 fxg3 31. fxg3 Kc8 32. Rg5 Rxg5 33. hxg5 Kd7 34. Ke4 Ke6 35. c4 Kd6 36. b5 cxb5 37. cxb5 Ke6 38. d5+ Kd6 39. Kd4 Kd7 40. Kc5 Kd8 41.
d6 Kd7 42. dxc7 Kxc7 43. Kd5 Kb6 44. Ke6 Kxb5 45. Kf6 Kc5 46. Kxg6 h4 47. gxh4 1-0